 Dungeon Crawl Stone Soup version 0.26.1-10-gdfb7c7de75 (webtiles) character file.

Game seed: 11442861574879737057

3290 sankara the Cleaver (level 9, 0/81 HPs)
             Began as a Minotaur Berserker on Apr 5, 2021.
             Was a Priest of Trog.
             Slain by a white ugly thing (4 damage)
             ... on level 8 of the Dungeon.
             The game lasted 00:14:36 (8547 turns).

sankara the Cleaver (Minotaur Berserker)            Turns: 8547, Time: 00:14:37

Health: 0/81       AC: 12    Str: 23    XL:     9   Next: 69%
Magic:  17/17      EV: 11    Int:  7    God:    Trog [***...]
Gold:   511        SH:  0    Dex: 12    Spells: 8/8 levels left

rFire    . . .     SeeInvis .   v - +2 hand axe "Cuseson" {venom, *Rage rN+ Int+3}
rCold    . . .     Faith    .   (no shield)
rNeg     + . .     Spirit   .   e - +0 chain mail
rPois    .         Reflect  .   (helmet restricted)
rElec    .         Harm     .   (no cloak)
rCorr    .         Rampage  .   (no gloves)
Will     .....     Rnd*Rage +   g - +0 pair of boots
Stlth    ..........             (no amulet)
HPRegen  0.23/turn              D - ring of magical power
MPRegen  0.15/turn              d - ring of wizardry

@: berserk cooldown, slowed, very slow
A: retaliatory headbutt, horns 2
a: Renounce Religion, Berserk, Trog's Hand


You were on level 8 of the Dungeon.
You worshipped Trog.
Trog was most pleased with you.
You visited 2 branches of the dungeon, and saw 9 of its levels.

You collected 511 gold pieces.

Inventory:

Hand Weapons
 a - a +0 hand axe
 v - the +2 hand axe "Cuseson" (weapon) {venom, *Rage rN+ Int+3}
   (You found it on level 4 of the Dungeon)

   It poisons the flesh of those it strikes.
   It affects your intelligence (+3).
   It protects you from negative energy.
   It may make you go berserk in combat.
 B - a +0 hunting sling
Missiles
 i - 270 stones
 j - 24 sling bullets
 o - 5 silver boomerangs
 s - 2 boomerangs
 z - a throwing net
 H - 15 poisoned darts
Armour
 e - a +0 chain mail (worn)
 g - a +0 pair of boots (worn)
Jewellery
 d - a ring of wizardry (right hand)
 D - a ring of magical power (left hand)
 F - an uncursed amulet of regeneration {unknown}
Wands
 x - a wand of enslavement (19)
 C - a wand of flame (21)
 I - a wand of digging (4)
Scrolls
 b - 8 scrolls of identify
 l - 3 scrolls of teleportation
 p - a scroll of blinking
 r - 2 scrolls of fear {unknown}
 t - a scroll of enchant weapon {unknown}
 w - a scroll of fog
 y - 2 scrolls of magic mapping {unknown}
 A - 2 scrolls of remove curse
 G - a scroll of noise {unknown}
Potions
 c - a potion of might {unknown}
 f - 2 potions of cancellation {unknown}
 h - a potion of attraction {unknown}
 k - 2 potions of haste {unknown}
 m - 4 potions of heal wounds {unknown}
 n - a potion of flight {unknown}
 q - a potion of mutation {unknown}
 u - 2 potions of invisibility {unknown}
 E - 2 potions of curing {unknown}


   Skills:
 + Level 8.2 Fighting
 * Level 10.9 Axes
 + Level 7.7 Armour
 + Level 7.0 Dodging


You had 8 spell levels left.
You didn't know any spells.
Your spell library contained the following spells:

 Spells                   Type           Power        Failure   Level
 Summon Small Mammal      Summ           0%           71%         1
 Call Imp                 Summ           0%           85%         2
 Call Canine Familiar     Summ           0%           96%         3
 Summon Guardian Golem    Hex/Summ       0%           96%         3
 Summon Ice Beast         Ice/Summ       0%           100%        4
 Summon Lightning Spire   Summ/Air       0%           100%        4


Dungeon Overview and Level Annotations

Branches:
Dungeon (8/15)             Temple (1/1) D:5
   Lair: D:8-11

Altars:
Ashenzari
Cheibriados
Dithmenos
Elyvilon
Fedhas
Gozag
Hepliaklqana
Makhleb
Nemelex Xobeh
Okawaru
Qazlal
Ru
Sif Muna
Trog
Uskayaw
Vehumet
Wu Jian
Xom
Yredelemnul
Zin
The Shining One

Shops:
D:4 =


Innate Abilities, Weirdness & Mutations

You reflexively headbutt those who attack you in melee.
You have a pair of horns on your head.


Message History

A rock wall.
The rock shatters into small pieces.
A bullfrog, an ugly thing, an ice beast, an orc knight, a skeletal warrior and a zombie come into view.
The white ugly thing gurgles horribly!
The bullfrog croaks.
An adder skeleton comes into view.
The ice beast hits you but does no damage.
The ice beast barely misses you. The white ugly thing trunk-slaps you.
The white ugly thing freezes you!!
You fail to use your ability.
The bullfrog snags a nearby blue-tailed skink with its tongue.
The white ugly thing trunk-slaps you but does no damage.
The white ugly thing barely misses you.
You fail to use your ability.
The white ugly thing closely misses you.
Your ogre goes berserk!
You can no longer call in reinforcements.
The white ugly thing trunk-slaps you! The white ugly thing freezes you!!
* * * LOW HITPOINT WARNING * * *
The white ugly thing trunk-slaps you.
You die...

..# ##.# #..#
#..####### ..
#.Z......#
#...##.o##.##.#
#.....zY#)..#.#
.###.###u#[..#.#
.. #.###@#)..#.#
#..#..O..#?..#...
.........#Z..#
###
##......#=..#.
#......#[#.#..
.....###.#####..
..... #........
.... #.####### ##
...$. #..#


You could see an orc knight, a white ugly thing, a skeletal warrior, an ice
beast, an adder skeleton and a friendly ogre (summoned, berserk).

Vanquished Creatures
  A komodo dragon (D:7)
  Prince Ribbit (D:8)
  A steam dragon (D:7)
  2 orc warriors (D:7)
  3 centaurs
  A phantom (D:7)
  5 ogres
  A big kobold (D:5)
  3 bullfrogs
  A water moccasin zombie (D:5)
  A gnoll sergeant (D:7)
  4 scorpions
  6 killer bees (D:8)
  3 wights (D:7)
  A howler monkey (D:6)
  2 hounds
  A jelly (D:7)
  2 orc priests
  4 orc wizards
  2 centaur skeletons
  An iguana (D:5)
  4 worker ants
  A hound zombie (D:6)
  4 gnolls
  10 adders
  4 river rats (D:5)
  A shadow imp (D:6)
  A white imp (D:5)
  2 ufetubi
  3 oozes
  An adder zombie (D:6)
  4 worms
  A dart slug (D:3)
  3 leopard geckos
  25 orcs
  11 giant cockroaches
  4 goblins
  7 hobgoblins
  7 jackals
  12 kobolds
  3 quokkas
  A ball python (D:3)
  4 bats
  7 rats
166 creatures vanquished.

Vanquished Creatures (others)
  11 plants (D:5)
11 creatures vanquished.

Grand Total: 177 creatures vanquished

Notes
Turn   | Place    | Note
-------+----------+-------------------------------------------
     0 | D:1      | sankara the Minotaur Berserker began the quest for the Orb.
     0 | D:1      | Reached XP level 1. HP: 19/19 MP: 0/0
   445 | D:1      | Reached XP level 2. HP: 27/27 MP: 1/1
   565 | D:1      | Reached skill level 4 in Axes
  1335 | D:2      | Found a faded altar of an unknown god.
  1781 | D:2      | Reached XP level 3. HP: 33/33 MP: 2/2
  2297 | D:3      | Reached ** piety under Trog
  2302 | D:3      | Reached XP level 4. HP: 16/40 MP: 3/3
  2304 | D:3      | Reached skill level 5 in Axes
  2609 | D:3      | Reached XP level 5. HP: 40/47 MP: 4/4
  2789 | D:3      | Found a shimmering altar of Xom.
  2797 | D:3      | Noticed an angel
  2896 | D:3      | Found a glowing silver altar of Zin.
  3348 | D:4      | Reached XP level 6. HP: 49/55 MP: 5/5
  3355 | D:4      | Got a brightly glowing hand axe
  3449 | D:3      | Identified the +2 hand axe "Cuseson" {venom, *Rage rN+
                  | Int+3} (You found it on level 4 of the Dungeon)
  3468 | D:4      | Reached skill level 6 in Axes
  3532 | D:4      | Found a stormy altar of Qazlal.
  3533 | D:4      | Found a snail-covered altar of Cheibriados.
  3612 | D:4      | Reached skill level 5 in Fighting
  3697 | D:4      | Found Yrrim's Jewellery Boutique.
  4062 | D:4      | Reached XP level 7. HP: 61/61 MP: 6/6
  4438 | D:5      | Entered Level 5 of the Dungeon
  4490 | D:5      | Reached skill level 7 in Axes
  4888 | D:5      | Reached skill level 5 in Armour
  4975 | D:5      | Reached *** piety under Trog
  5242 | D:5      | Found a staircase to the Ecumenical Temple.
  5255 | Temple   | Entered the Ecumenical Temple
  5732 | D:6      | Found a sacrificial altar of Ru.
  5798 | D:6      | Reached XP level 8. HP: 65/70 MP: 7/7
  5815 | D:6      | Reached skill level 8 in Axes
  5815 | D:6      | Reached skill level 5 in Dodging
  6076 | D:6      | Found a broken altar of Ashenzari.
  6965 | D:7      | Reached skill level 9 in Axes
  7028 | D:7      | Noticed a komodo dragon
  7038 | D:7      | Killed a komodo dragon
  7261 | D:7      | Reached XP level 9. HP: 68/79 MP: 8/8
  7415 | D:7      | Reached **** piety under Trog
  7416 | D:7      | Reached skill level 10 in Axes
  7725 | D:7      | Found a white marble altar of Elyvilon.
  8521 | D:8      | Noticed Prince Ribbit
  8526 | D:8      | Killed Prince Ribbit
  8538 | D:8      | Noticed a skeletal warrior
  8538 | D:8      | Noticed a white ugly thing
  8538 | D:8      | Noticed an orc knight
  8547 | D:8      | HP: 4/81 [white ugly thing (32)]
  8547 | D:8      | Slain by a white ugly thing

Illustrated notes

Levels and vault maps discovered:
D:1:      lemuel_arrival_hallway, layout_loops_corners, hangedman_decor_points
D:2:      layout_loops_corners, chequers_ecumenical_altar_lobes
D:3:      layout_loops_ring, grunt_temple_overflow_order_and_chaos_1
D:4:      layout_loops_ring, gammafunk_temple_overflow_pools, serial_shops,
          kennysheep_mini_moat
D:5:      wad_woods_tower, layout_basic, minmay_temple_entry_antechambers,
          lexackson_kobold_supper
D:6:      layout_basic, lemuel_crystal_altar, kennysheep_little_box,
          grunt_ministairs_11
D:7:      layout_basic, elyvilon_altar_1, nzn_random_ring
D:8:      layout_rooms, basic_altar, onia_ninara_dug_in_and_dangerous,
          uniq_prince_ribbit1
Temple:   jpeg_temple_clearing

Skill      XL: |  1  2  3  4  5  6  7  8  9 |
---------------+----------------------------+-----
Axes           | 4 5 6 7 9 10 | 10.9
Fighting       | 4 5 6 7 8 |  8.2
Armour         | 3 4 5 6 7 |  7.7
Dodging        | 3 4 6 7 |  7.0

Action                   |  1- 3 |  4- 6 |  7- 9 || total
-------------------------+-------+-------+-------++-------
Melee: Hand axe          |    96 |    97 |   238 ||   431
       Headbutt          |    13 |    19 |    54 ||    86
Invok: Berserk           |     1 |       |     1 ||     2
       Brothers in Arms  |       |       |     1 ||     1
Evoke: Wand              |       |       |     1 ||     1
  Use: Scroll            |     3 |     2 |       ||     5
Armor: Animal skin       |     1 |       |       ||     1
       Chain mail        |    49 |    56 |    99 ||   204
Dodge: Dodged            |    49 |    66 |   108 ||   223
